 Dungeon Crawl Stone Soup version 0.17-a0-1831-gaadb308 (webtiles) character file.

513 ololoev the Conjurer (level 7, 31/50 HPs)
             Began as a White Draconian Conjurer on Sept 14, 2015.
             Quit the game on level 4 of the Dungeon.
             The game lasted 00:10:17 (5039 turns).

ololoev the Conjurer (White Draconian Conjurer)     Turns: 5039, Time: 00:10:17

Health: 31/50      AC:  6    Str: 10    XL:     7   Next: 0%
Magic:  8/13       EV: 12    Int: 17    God:
Gold:   158        SH:  0    Dex: 12    Spells: 3 memorised, 6 levels left

rFire  . . .     SeeInvis .     u - +0 dagger (venom)
rCold  + . .     Clarity  .     (armour unavailable)
rNeg   . . .     SustAt   .     (no shield)
rPois  .         Gourm    .     (helmet restricted)
rElec  .         Spirit   .     (no cloak)
rCorr  .         Warding  .     (no gloves)
rMut   .         Stasis   .     (no boots)
MR     .....                    (no amulet)
Stlth  +.........               t - ring of wizardry
                                s - ring of loudness (curse)

@: not resistant to hostile enchantments, very unstealthy
A: breathe frost, unfitting armour, cold resistance 1, cold-blooded, AC +6
a: Breathe Frost


Innate Abilities, Weirdness & Mutations

You can breathe waves of freezing cold.
You can buffet flying creatures when you breathe cold.
Your icy white scales are hard (AC +6).
Your body does not fit into most forms of armour.
Your flesh is cold resistant.
You are cold-blooded and may be slowed by cold attacks.

Inventory:

Hand weapons
 u - a +0 dagger of venom (weapon)
Jewellery
 s - a cursed ring of loudness (left hand)
 t - a ring of wizardry (right hand)
Scrolls
 d - 5 scrolls of teleportation
 f - 2 scrolls of magic mapping
 h - a scroll of remove curse {unknown}
 i - a scroll of immolation {unknown}
 l - a scroll of fear {unknown}
 q - 2 scrolls of recharging {unknown}
Potions
 c - 6 potions of curing
 g - 3 potions of flight
 k - 7 potions of heal wounds
 m - a potion of mutation {unknown}
 n - a potion of lignification {unknown}
 p - a potion of haste {unknown}
 r - 2 potions of brilliance {unknown}
 v - a potion of agility
Books
 a - a book of Conjurations

   Spells                             Type                      Level
   a - Magic Dart                     Conjuration                  1
   b - Searing Ray                    Conjuration                  2
   c - Dazzling Spray                 Conjuration/Hexes            3
   d - Fulminant Prism                Conjuration/Hexes            4
   e - Iskenderun's Mystic Blast      Conjuration                  4
   f - Iskenderun's Battlesphere      Conjuration/Charms           5
 e - a book of Fire (quivered)

   Spells                             Type                      Level
   a - Ignite Poison                  Fire/Transmutation/Poison    3
   b - Fireball                       Conjuration/Fire             5
   c - Bolt of Fire                   Conjuration/Fire             6
   d - Delayed Fireball               Conjuration/Fire             7
   e - Ring of Flames                 Charms/Fire                  7
Comestibles
 b - 2 bread rations
 j - 3 meat rations
 o - a slice of pizza
 w - 10 chunks of flesh


   Skills:
 - Level 1.7 Dodging
 - Level 1.7 Stealth
 + Level 4.1 Spellcasting
 + Level 6.4 Conjurations
 * Level 2.6 Fire Magic


You had 6 spell levels left.
You knew the following spells:

 Your Spells              Type           Power        Failure   Level  Hunger
a - Magic Dart            Conj           ####         1%          1    None
b - Searing Ray           Conj           ####..       1%          2    ##.....
c - Fireball              Conj/Fire      ###.......   38%         5    ######.


You were on level 4 of the Dungeon.
You were not hungry.

You visited 1 branch of the dungeon, and saw 4 of its levels.
You also visited: Sewer.

You collected 158 gold pieces.

#.# .#.##... #.##.#.##.##
#.##.#.#### ###.##.#.#####
.............
###############.##.#.####.
..........................
#...####.#####..#.####.
#...'.@.........#.#....
.......#.##.######.#.#....
########.##.#........+....
............#.####.#.#....
...#####....#........'....
####.#######..#.... #.#
#..#.... ..# #..##### #..#

Notes
Turn   | Place    | Note
--------------------------------------------------------------
     0 | D:1      | ololoev the Draconian Conjurer began the quest for the Orb.
     0 | D:1      | Reached XP level 1. HP: 14/14 MP: 3/3
   248 | D:1      | Reached XP level 2. HP: 18/20 MP: 5/5
   290 | D:1      | Learned a level 2 spell: Searing Ray
  1235 | D:1      | Reached XP level 3. HP: 24/26 MP: 6/6
  1716 | D:2      | Found a stormy altar of Qazlal.
  1716 | D:2      | Found an ancient bone altar of Kikubaaqudgha.
  1718 | D:2      | Found a deep blue altar of Sif Muna.
  1758 | D:2      | Reached skill level 5 in Conjurations
  1806 | D:2      | Found a blossoming altar of Fedhas.
  1929 | D:2      | Found a sparkling altar of Nemelex Xobeh.
  2650 | D:3      | Reached XP level 4. HP: 30/33 MP: 2/8
  2801 | D:3      | Found a glowing drain.
  2805 | Sewer    | Entered a sewer
  3457 | D:3      | Noticed Ijyb
  3481 | D:3      | Killed Ijyb
  3481 | D:3      | Reached XP level 5. HP: 36/38 MP: 1/9
  3502 | D:3      | Learned a level 5 spell: Fireball
  4439 | D:4      | Noticed Natasha
  4452 | D:4      | Killed Natasha
  4452 | D:4      | Reached skill level 6 in Conjurations
  4452 | D:4      | Reached skill level 1 in Fire Magic
  4764 | D:4      | Noticed an ogre
  4774 | D:4      | Killed an ogre
  4774 | D:4      | Reached XP level 6. HP: 45/45 MP: 6/11
  5023 | D:4      | Noticed an ogre
  5033 | D:4      | Killed an ogre
  5033 | D:4      | Your scales start taking on an icy white colour.
  5033 | D:4      | Gained mutation: Your flesh is cold resistant. [White Draconian growth]
  5033 | D:4      | Reached XP level 7. HP: 31/50 MP: 8/13
  5039 | D:4      | Quit the game

Dungeon Overview and Level Annotations

Branches:
Dungeon (4/15)
 Temple: D:4-7

Altars:
Fedhas
Kikubaaqudgha
Nemelex Xobeh
Qazlal
Sif Muna


Message History

An ogre is nearby!
An ogre is nearby!
An ogre is nearby!
Casting: Searing Ray
Confirm with . or Enter, or press ? or * to list all spells.
Aiming: Searing Ray
Press: ? - help, Shift-Dir - straight line, f - ogre
Aim: an ogre, wielding a giant club The searing ray misses the ogre.
The searing ray hits the ogre.
The ogre is lightly wounded.
The searing ray hits the ogre.
The ogre is moderately wounded.
The ogre completely misses you.
The searing ray hits the ogre.
The ogre is severely wounded.
The ogre hits you with a giant club!
You hit the ogre but do no damage.
The ogre is poisoned.
You tail-slap the ogre, but do no damage.
The ogre is severely wounded.
You hit the ogre but do no damage.
The ogre looks even sicker.
Your tail-slap misses the ogre.
The ogre is severely wounded.
The ogre hits you with a giant club!
You kill the ogre!
Your Fire Magic skill increases to level 3!
You have reached level 7!
Your Fire Magic skill decreases to level 2!
Your scales start taking on an icy white colour.
You feel resistant to cold.
Things that are here:
a giant club; an ogre corpse You butcher the ogre corpse.
w - 10 chunks of flesh (gained 6)
You see here a giant club.
Quiver which item? (- for none, * to show all) (? for menu, Esc to quit)
You don't have any such object.
Quiver which item? (- for none, * to show all) (? for menu, Esc to quit)
Quivering
e - a book of Fire for throwing.
Are you sure you want to abandon this character and quit the game? (Confirm with "yes".)

There were no monsters in sight!

Vanquished Creatures
  2 ogres (D:4)
  A giant frog skeleton (D:4)
  2 hounds (D:4)
  Ijyb (D:3)
  Natasha (D:4)
  A worker ant (D:4)
  6 adders
  3 river rats (Sewer)
  4 worms
  4 giant geckos
  5 ball pythons (Sewer)
  3 goblins
  6 hobgoblins
  2 quokkas
  8 bats
  A giant cockroach (D:3)
  10 giant newts
  18 jackals
  7 kobolds
  16 rats
101 creatures vanquished.

Action                   |  1- 3 |  4- 6 |  7- 9 || total
-------------------------+-------+-------+-------++-------
Melee: Unarmed           |   118 |    38 |       ||   156
       Dagger            |       |    13 |       ||    13
 Cast: Magic Dart        |    32 |    34 |       ||    66
       Searing Ray       |    11 |    23 |       ||    34
  Use: Scroll            |     4 |     1 |       ||     5
  Eat: Chunk             |     6 |     9 |       ||    15

Vault maps used:
D:1:      dpeg_arrival_simpleton_b, minmay_liquid_box, kennysheep_small_spiral
D:2:      nicolae_overflow_hidden_temple, nicolae_overflow_quartered_altars
D:3:      gup_sewer_entry_bowl, uniq_iyjb
D:4:      first_bread, uniq_pikel, uniq_natasha
Sewer:    sewer_co_cracked_pipes
